 Dungeon Crawl Stone Soup version 0.29-a0-841-g116ddc6ace (webtiles) character file.

Game seed: 11830127986914356360

79 omnomnOMINOUS the Ducker (level 4, 0/45 HPs)
             Began as an Octopode Wanderer on July 15, 2022.
             Was a Follower of Qazlal.
             Succumbed to an adder's poison
             ... on level 2 of the Dungeon.
             The game lasted 00:02:16 (1876 turns).

omnomnOMINOUS the Ducker (Octopode Wanderer)        Turns: 1876, Time: 00:02:16

Health: 0/45       AC:  1    Str:  9    XL:     4   Next: 37%
Magic:  8/8        EV: 14    Int: 16    God:    Qazlal [*.....]
Gold:   49         SH:  2    Dex: 13    Spells: 7/8 levels left

rFire   . . .      SeeInvis .   a - +0 dagger
rCold   . . .      Faith    .   (no shield)
rNeg    . . .      Spirit   .   e - +0 hat
rPois   .          Reflect  .   (no amulet)
rElec   .          Harm     .   (no ring)
rCorr   .          Rampage  .   (no ring)
Will    .....                   (no ring)
Stlth   ..........              (no ring)
HPRegen 0.15/turn               (no ring)
MPRegen 0.11/turn               (no ring)
                                (no ring)
                                (no ring)

@: berserking (expiring), lethally poisoned (0 -> -4), very quick
A: almost no armour, amphibious, 8 rings, camouflage 1, gelatinous body 1,
(nimble swimmer 1), tentacles
a: Renounce Religion


You were on level 2 of the Dungeon.
You worshipped Qazlal.
Qazlal was aware of your devotion.
You visited 1 branch of the dungeon, and saw 2 of its levels.

You collected 49 gold pieces.

Inventory:

Hand Weapons
 a - a +0 dagger (weapon)
Missiles
 b - 2 throwing nets (quivered)
Armour
 e - a +0 hat (worn)
Scrolls
 c - 3 scrolls of teleportation
 d - a scroll of blinking
 i - a scroll of immolation {unknown}
 k - 2 scrolls of identify {unknown}
 l - a scroll of acquirement {unknown}
 n - a scroll of magic mapping {unknown}
Potions
 g - a potion of magic {unknown}
 h - a potion of heal wounds {unknown}
 j - a potion of haste {unknown}
 m - a potion of brilliance {unknown}


   Skills:
 + Level 2.9 Fighting
 + Level 3.7 Dodging
 + Level 2.8 Spellcasting
 - Level 3.0 Hexes
 + Level 1.0 Invocations


You had 7 spell levels left.
You knew the following spells:

 Your Spells              Type           Power      Damage    Failure   Level
a - Slow                  Hex            44%        N/A       5%          1

Your spell library contained the following spells:

 Spells                   Type           Power      Damage    Failure   Level
 Inner Flame              Hex/Fire       7%         N/A       30%         3


Dungeon Overview and Level Annotations

Branches:
Dungeon (2/15)

Altars:
Qazlal


Innate Abilities, Weirdness & Mutations

You cannot wear most types of armour.
You are amphibious.
You can wear up to eight rings at the same time.
Your skin changes colour to match your surroundings (Stealth+).
Your rubbery body absorbs attacks. (AC +1, EV +1)
((You are camouflaged when in or above water. (Stealth+)))
You have tentacles for arms and can constrict up to eight enemies at once.


Message History

You are lethally poisoned!
The adder poisons you!
Unknown command.
It was a potion of berserk rage.
A red film seems to cover your vision as you go berserk!
You feel yourself moving faster!
You feel mighty!
You constrict the adder.
* * * LOW HITPOINT WARNING * * *
You feel very sick.
The adder closely misses you. x2; The kobold closely misses you.
You barely miss the adder.
The adder is almost dead.
You constrict the adder.
You kill the adder!
Qazlal accepts your kill.
* * * LOW HITPOINT WARNING * * *
You feel sick.
Your Invocations skill increases to level 1!
You barely miss the kobold. Your grab misses the kobold.
* * * LOW HITPOINT WARNING * * *
You feel sick.
The kobold hits you with a +0 short sword.
* * * LOW HITPOINT WARNING * * *
You barely miss the kobold. You grab the kobold.
Your squeeze misses the kobold. You constrict the kobold.
* * * LOW HITPOINT WARNING * * *
You feel sick.
You puncture the kobold!
You kill the kobold!
Qazlal accepts your kill.
* * * LOW HITPOINT WARNING * * *
You feel sick.
You are too berserk!
You are too berserk!
You are too berserk!
* * * LOW HITPOINT WARNING * * *
You feel sick.
You see here a +0 short sword.
A rat comes into view.
You feel a strong urge to attack something.
You die...

############# ..
....(.......> #.
#######.####. #..
.#####'##### #..
.#....≈....# #...
#####.#..##≈##..#
###...##.....#....≈....#
.............#....≈)...#
#.@...# #.###_###.#
#.#)#†# #....≈....#
r..#.#.# #....≈....#
..####†#.# #).##≈##..#
## ..#.# #....≈....#
#..#.# #####÷#####
##..#.####.....#
....#..........#
##.....###....#


You could see a rat.

Vanquished Creatures
  4 adders (D:2)
  A dart slug (D:1)
  4 bats
  2 endoplasms
  A giant cockroach (D:1)
  4 goblins
  6 hobgoblins
  2 jackals (D:1)
  5 kobolds
  2 quokkas (D:1)
  4 ball pythons
  A frilled lizard (D:2)
  A rat (D:1)
37 creatures vanquished.

Notes
Turn   | Place    | Note
-------+----------+-------------------------------------------
     0 | D:1      | omnomnOMINOUS the Octopode Wanderer began the quest for the
                  | Orb.
     0 | D:1      | omnomnOMINOUS set off with the following items: a +0
                  | dagger, 2 throwing nets, a scroll of teleportation, a
                  | scroll of blinking, a +0 hat; and the following spell
                  | memorised: Slow; and the following spells available to
                  | memorise: Inner Flame.
     0 | D:1      | Reached XP level 1. HP: 14/14 MP: 3/3
   164 | D:1      | Reached XP level 2. HP: 15/19 MP: 5/5
   639 | D:1      | Reached XP level 3. HP: 20/25 MP: 6/6
  1395 | D:2      | Found a faded altar of an unknown god.
  1405 | D:2      | Prayed at the altar of an unknown god.
  1405 | D:2      | Became a worshipper of Qazlal Stormbringer
  1405 | D:2      | Reached * piety under Qazlal
  1722 | D:2      | Reached XP level 4. HP: 20/30 MP: 6/8
  1871 | D:2      | Reached skill level 1 in Invocations
  1873 | D:2      | HP: 2/45 [poisoned by an adder]
  1876 | D:2      | Succumbed to an adder's poison

Illustrated notes

Levels and vault maps discovered:
D:1:      saegor_arrival_simple_b, layout_basic
D:2:      layout_basic, shapermc_ecumenical_altar_notcrosses, uniq_jessica

Skill      XL: |  1  2  3  4 |
---------------+-------------+-----
Invocations    | 1 |  1.0
Fighting       | |  2.9
Dodging        | |  3.7
Spellcasting   | |  2.8
Hexes          | |  3.0

Action                   |  1- 3 |  4- 6 || total
-------------------------+-------+-------++-------
Melee: Dagger            |    83 |    15 ||    98
       Tentacles         |    17 |     2 ||    19
       Constrict         |    23 |     3 ||    26
       Punch             |     2 |       ||     2
  Use: Potion            |       |     1 ||     1
 Stab: Sleeping          |     4 |       ||     4
Armor: Skin              |     6 |     1 ||     7
Dodge: Dodged            |    48 |     9 ||    57

Table legend: (Time is in decaauts)
 A = Elapsed time spent in this place.
 B = Non-inter-level travel time spent in this place.
 C = Inter-level travel time spent in this place.
 D = Time resting spent in this place.
 E = Time spent auto-exploring this place.
 F = Levels seen in this place.
 G = Mean time per level.
                   A        B        C        D        E       F      G
               +--------+--------+--------+--------+--------+-----+--------+
         Total |   1873 |   1841 |     32 |    226 |   1372 |   2 |  936.5 |
       Dungeon |   1873 |   1841 |     32 |    226 |   1372 |   2 |  936.5 |
               +--------+--------+--------+--------+--------+-----+--------+

Top non-repeatable levels by time:
     D:1: 1356 daAuts
     D:2: 517 daAuts
